 Dungeon Crawl Stone Soup version 0.10-a0-2485-ga1df136 character file.

1266500 commanderc the Merry Minotaur (level 27, 111/256 HPs)
             Began as a Minotaur Artificer on Nov 25, 2011.
             Was a High Priest of Nemelex Xobeh.
             Escaped with the Orb
             ... and 3 runes on Dec 4, 2011!
             The game lasted 17:53:03 (149885 turns).

commanderc the Merry Minotaur (MiAr)              Turns: 149885, Time: 17:53:03

HP 111/256       AC 28     Str 23      XL: 27
MP  14/14        EV 32     Int  7      God: Nemelex Xobeh [*****.]
Gold 2819        SH  2     Dex 19      Spells:  0 memorised, 28 levels left

Res.Fire  : + + +   See Invis. : .   b - +7,+8 elf longbow (velocity)
Res.Cold  : . . .   Warding    : . . D - +1 fire dragon armour
Life Prot.: . . .   Conserve   : +   (no shield)
Res.Acid. : + . .   Res.Corr.  : +   j - +2 wizard hat {MR}
Res.Poison: +       Clarity    : .   E - +2 cloak {rCorr, Cons}
Res.Elec. : +       Spirit.Shd : .   Z - +1 pair of gauntlets
Sust.Abil.: . .     Stasis     : .   V - +1 pair of boots {run}
Res.Mut.  : .       Ctrl.Telep.: x   I - amulet of the Air {cFly +Lev rElec EV+3 St Res.Rott. : . Levitation : . Y - ring "Byniut" {rElec rPois} Saprovore : . . . Ctrl.Flight: + K - ring "Birhim" {rF+ rC+}

@: very slightly contaminated, hasted, very quick, very resistant to hostile
enchantments, unstealthy
A: horns 2, -10% mp, mutation resistance 1, AC +2, SH +2
a: Draw One, Peek at Two, Triple Draw, Mark Four, Stack Five, Renounce Religion,
Evoke Levitation
}: 3/15 runes: serpentine, barnacled, silver


You escaped.
You worshipped Nemelex Xobeh.
Nemelex Xobeh was exalted by your worship.
You were full.

You visited 10 branches of the dungeon, and saw 73 of its levels.
You visited the Abyss 2 times.
You visited 1 Labyrinth.
You visited 1 bazaar.
You visited 2 portal chambers: ice_cave, bailey.

You collected 10702 gold pieces.
You spent 7755 gold pieces at shops.

Inventory:

Hand weapons
 a - the +6,+2 bow "Oninon" {speed, rElec rC+}
   (You found it on level 5 of the Elven Halls)

   Attacks with this weapon take half as long, but cause slightly less damage.
   It protects you from cold.
   It insulates you from electricity.
 b - a +7,+8 elven longbow of velocity (weapon)
 f - the +4,+3 glaive of Jeinacs {flame, +Blink rPois rN+}
   (You found it on level 5 of the Crypt)

   It emits flame when wielded, causing extra injury to most foes and up to
   double damage against particularly susceptible opponents.
   Big, fiery blades are also staple armaments of hydra-hunters.
   It protects you from poison.
   It protects you from negative energy.
   It lets you blink.
 A - a +2,+2 battleaxe of chopping
Missiles
 i - 72 +6 arrows of flame
 o - 183 +7 arrows (quivered)
 N - 91 +0 arrows of dispersal
 X - 90 +6 arrows of frost
Armour
 j - a +2 wizard hat of magic resistance (worn)
 r - the +3 crown of Dyrovepreva {Hunger rElec Int+2 SInv}
   (You bought it in a shop on level 5 of the Shoals)

   It affects your intelligence (+2).
   It insulates you from electricity.
   It enhances your eyesight.
   It speeds your metabolism.
 y - the +2 cloak "Chue" {+Inv SInv Stlth++}
   (You found it on level 19 of the Dungeon)

   It enhances your eyesight.
   It lets you turn invisible.
   It makes you much more stealthy.
 D - a +1 fire dragon armour (worn)
 E - a +2 cloak of preservation (worn)
 V - a +1 pair of boots of running (worn)
 Z - a +1 pair of gauntlets (worn)
Magical devices
 c - a wand of digging (0)
 C - a wand of disintegration (1)
 F - a wand of hasting (0)
 L - a wand of teleportation (4)
Comestibles
 T - 3 meat rations
Scrolls
 u - a scroll of remove curse
 w - 2 scrolls of blinking
 H - a scroll of fear
 U - a scroll of recharging
Jewellery
 k - an uncursed amulet of the gourmand
 l - the ring "Lirphuipy" {rC+ SInv}
   (You found it on level 5 of the Elven Halls)

   [ring of see invisible]

   It protects you from cold.
 s - an uncursed amulet of stasis
 I - the amulet of the Air (around neck) {cFly +Lev rElec EV+3 Stlth++}
   (You found it on level 5 of the Elven Halls)

   [amulet of controlled flight]

   It affects your evasion (+3).
   It insulates you from electricity.
   It lets you levitate.
   It makes you much more stealthy.
 K - the ring "Birhim" (left hand) {rF+ rC+}
   (You bought it in a shop on level 3 of the Orcish Mines)

   [ring of protection from cold]

   It protects you from fire.
 P - an uncursed amulet of conservation
 S - the ring of Jonky {*TELE, *TELE +Tele rF++ MR Acc-1 Dam+5 Stlth--}
   (You found it on level 5 of the Elven Halls)

   [ring of teleportation]

   It affects your accuracy (-1).
   It affects your damage-dealing abilities (+5).
   It greatly protects you from fire.
   It increases your resistance to enchantments.
   It makes you much less stealthy.
 W - the ring of Ashruplapt {SustAb MUT MR Acc+3}
   (You found it on level 5 of the Elven Halls)

   [ring of sustain abilities]

   It affects your accuracy (+3).
   It increases your resistance to enchantments.
   It emits mutagenic radiation.
 Y - the ring "Byniut" (right hand) {rElec rPois}
   (You found it on level 5 of the Elven Halls)

   [ring of poison resistance]

   It insulates you from electricity.
Potions
 z - 5 potions of curing
 O - a potion of restore abilities
Magical staves
 e - a +1 rod of destruction [lightning,fireball,iron] (13/13)
   (You bought it in a shop in a bazaar)
 h - a -1 rod of warding (14/14)
   (You took it off a deep elf death mage on level 5 of the Elven Halls)
Orbs of Power
 v - the Orb of Zot
Miscellaneous
 d - an ornate deck of dungeons {drawn: 1} {god gift}
 g - an ornate deck of escape {the Portal, left: 5} {god gift}
 m - an ornate deck of destruction {drawn: 6} {god gift}
 n - a legendary deck of summonings {drawn: 3} {god gift}
 p - a legendary deck of destruction {drawn: 1} {god gift}
 q - an ornate deck of escape {Flight, left: 2} {god gift}
 t - a legendary deck of destruction {drawn: 1} {god gift}
 x - an ornate deck of destruction {drawn: 1} {god gift}
 G - a legendary deck of escape {Warpwright, left: 4} {god gift}
 J - an ornate deck of destruction {drawn: 1} {god gift}
 M - a legendary deck of escape {Solitude, left: 3} {god gift}
 Q - an ornate deck of summonings {drawn: 1} {god gift}


   Skills:
 - Level 22.0 Fighting
 - Level 3.2 Long Blades
 - Level 20.0 Axes
 - Level 1.2 Staves
 O Level 27 Bows
 - Level 17.2 Armour
 + Level 24.0 Dodging
 - Level 9.1 Stealth
 - Level 7.1 Stabbing
 - Level 7.1 Shields
 - Level 14.3 Traps & Doors
 - Level 1.0 Spellcasting
 - Level 17.3 Evocations


You had 28 spell levels left.
You didn't know any spells.

Dungeon Overview and Level Annotations

Branches:
Dungeon (27/27)            Temple (1/1) D:6             Orc (4/4) D:6
    Elf (5/5) Orc:3          Lair (8/8) D:8          Shoals (5/5) Lair:4
  Slime (0/6) Lair:8        Snake (5/5) Lair:5        Vault (8/8) D:19
  Blade (0/1) Vault:5       Crypt (5/5) Vault:2        Tomb (0/3) Crypt:2
    Zot (5/5) D:27

Altars:
Ashenzari
Cheibriados
Elyvilon
Fedhas
Kikubaaqudgha
Makhleb
Nemelex Xobeh
Okawaru
Sif Muna
The Shining One
Trog
Vehumet
Xom
Yredelemnul
Zin
Beogh
Lugonu

Shops:
D:11: * D:13: ! D:14: (*(/* D:16: * D:19: ? D:26: * Orc:1: / Orc:2: ( Orc:3: *=??% Orc:4: */(%( Elf:2: [ Elf:3: ! Shoals:1: / Shoals:2: %[ Shoals:4: = Shoals:5: [ Snake:4: ! Vault:8: +

Portals:
Hell: D:14 D:21 D:22 D:23 D:24 D:25 D:26 D:27
Abyss: D:21 D:23 D:25 D:27
Pan: D:21 D:23 D:24 D:27
Trove: D:25 (show horn of Geryon)
Ziggurat: D:26 (3580 gp)

Annotations
D:11 big vault
D:17 exclusion: statue
Lair:5 exclusion: oklob plant
Lair:8 exclusion: oklob plant


Innate Abilities, Weirdness & Mutations

You have a pair of horns on your head.
You are partially covered in large bone plates (AC +2, SH +2).
Your magical capacity is low (-10% MP).
You are somewhat resistant to further mutation.


Message History

Zapping:
c - a wand of digging (1)
Press: ? - help, Shift-Dir - straight line The rock liquefies and sinks out of sight.
This wand has 0 charges left.
Gouzxuk hits you but does no damage.
The ynoxinul gestures.
Evoke which item? (* to show all) (? for menu, Esc to quit)
Zapping:
F - a wand of hasting (1)
Press: ? - help, Shift-Dir - straight line, f - you You feel yourself speed up.
This wand has 0 charges left.
Gouzxuk misses you. You furiously retaliate!
You headbutt Gouzxuk, but do no damage. Gouzxuk misses you.
An iron devil comes into view.
The iron devil misses you. You furiously retaliate!
You headbutt the iron devil, but do no damage.
The iron devil completely misses you. The iron devil closely misses you.
The iron devil completely misses you.
There is an open door here.
There is a staircase leading out of the dungeon here.
Are you sure you want to win?
You have escaped!

.........[...5355........##..###.
..........###4##5############.#.#
.........)##.###.# #.#[#.
########.##.## #.# ##.#.#
########.###h############# #.###.
...........&4............# ##.#.#
########.#####.#########.# #.#.#.
#.# ###########.# ##.#.# #.#
#.H...<.##.# #.###.
########.######.......##.# ##.#.#
.............#####'#####.# #.#.#.
########.###.#####4####### ##.#.#
#.# #............## #.###. #.#
#...⌠........># ##.#.#
########.###....(###.#######.#.#.
#............##.(###'## #....&.
#..........#.##..##...# #.####.


You could see an iron devil.

Vanquished Creatures
  2 orbs of fire (Zot:5)
  3 ancient liches
  Saint Roka (D:24)
  A curse toe (Zot:3)
  A Killer Klown (Zot:5)
  Margery (D:25)
  9 golden dragons
  An electric golem (Zot:5)
  Frederick (D:22)
  4 liches
  17 Orb Guardians (Zot:5)
  A titan (Vault:8)
  2 deep elf blademasters (Elf:5)
  2 ghost moths
  11 shadow dragons
  5 storm dragons
  A sphinx (D:26)
  A kraken (Shoals:3)
  Frances (Vault:1)
  2 sphinxes (shapeshifter)
  A draconian monk (Zot:2)
  A draconian knight (Zot:1)
  4 frost giants
  A frost giant (shapeshifter) (D:26)
  A draconian scorcher (Zot:5)
  3 ghouls (Crypt:4)
  An iron dragon (Vault:8)
  5 bone dragons
  A draconian zealot (Zot:5)
  4 tentacled monstrosities
  8 fire giants
  A draconian shifter (Zot:2)
  A cacodemon (D:26)
  A draconian annihilator (Zot:2)
  54 stone giants
  3 curse skulls
  3 grey draconians
  3 human zombies
  A green draconian (Zot:2)
  13 greater nagas (Snake:5)
  Jozef (Vault:2)
  A black draconian (D:27)
  2 mottled draconians
  5 deep elf annihilators (Elf:5)
  3 pale draconians
  A purple draconian (D:27)
  4 white draconians
  4 deep elf sorcerers
  A red draconian (Zot:2)
  53 yaktaur captains
  3 vampire knights (Crypt:5)
  7 deep elf death magi (Elf:5)
  2 deep elf master archers (Elf:5)
  2 yellow draconians (D:27)
  2 great orbs of eyes
  An ettin (shapeshifter) (Vault:8)
  18 vault guards (Vault:7)
  8 salamanders (Snake:5)
  11 ettins
  A storm dragon zombie (Vault:2)
  A titan skeleton (D:21)
  3 sirens
  5 dragons
  2 great orbs of eyes (shapeshifter)
  A minotaur (Lab)
  4 ice dragons
  A quicksilver dragon simulacrum (Crypt:5)
  2 death cobs (Zot:5)
  Harold (Lair:4)
  3 merfolk javelineers (Shoals:5)
  Josephine (D:11)
  An anaconda zombie (Crypt:3)
  A storm dragon skeleton (Vault:3)
  10 hydras
  Erica (D:14)
  An ice dragon (shapeshifter) (D:22)
  A shadow dragon zombie (Crypt:4)
  8 deep elf demonologists (Elf:5)
  An anaconda (shapeshifter) (D:21)
  A hydra (shapeshifter) (Vault:8)
  3 ogre magi
  A sphinx zombie (Crypt:1)
  2 death yaks
  A golden dragon skeleton (Crypt:4)
  10 anacondas
  The ghost of ChickenMan the Cleaver, an experienced MiBe of Trog (Port)
  5 merfolk impalers
  A rakshasa (D:19)
  3 stone giant zombies
  3 very ugly things
  2 deep elf high priests
  A shadow dragon skeleton (Crypt:4)
  A fire giant zombie (Vault:2)
  3 sphinx skeletons
  2 deep trolls (shapeshifter)
  An emperor scorpion (shapeshifter) (Vault:8)
  An orc high priest (D:27)
  7 iron golems (Crypt:5)
  6 stone giant skeletons
  5 soul eaters
  A death drake (shapeshifter) (Vault:8)
  An iron dragon skeleton (Crypt:1)
  31 deep trolls
  A fire giant skeleton (Vault:5)
  2 vapours
  An iron troll (D:22)
  20 centaur warriors
  A giant orange brain (shapeshifter) (Vault:8)
  73 skeletal warriors
  2 sun demons
  4 shadow wraiths
  20 hell knights
  2 ice devils (Abyss)
  25 deep elf knights
  9 hill giants
  A mottled draconian zombie (Crypt:5)
  A sea snake (shapeshifter) (Vault:8)
  5 sea snakes
  13 naga warriors
  2 wizards
  A black draconian zombie (Crypt:1)
  A purple draconian zombie (Crypt:2)
  10 flayed ghosts
  A giant amoeba (shapeshifter) (Vault:8)
  An iron troll zombie (D:21)
  2 grey draconian zombies
  2 alligator snapping turtle skeletons (Crypt:5)
  A red draconian zombie (Crypt:3)
  3 ice statues
  A flaming corpse (Crypt:3)
  5 guardian serpents
  A lindwurm (shapeshifter) (Vault:7)
  3 orc sorcerers
  22 harpies
  A giant amoeba (Vault:2)
  Pikel (D:4)
  An unseen horror (D:13)
  A death yak skeleton (Abyss)
  An anaconda simulacrum (Abyss)
  A harpy zombie (D:17)
  A black draconian skeleton (Crypt:5)
  A white draconian skeleton (Crypt:1)
  A hellion (D:14)
  22 orc knights
  2 draconians (shapeshifter)
  A griffon (shapeshifter) (Vault:8)
  3 vampire magi
  2 minotaur zombies
  6 necromancers
  2 death drake zombies
  8 griffons
  3 iron troll skeletons
  7 moths of wrath
  A shadow dragon simulacrum (Zot:3)
  A golden dragon simulacrum (Zot:3)
  2 dancing weapons
  2 catoblepas zombies
  A spiny worm (Vault:3)
  A cyclops (shapeshifter) (Vault:5)
  A trapdoor spider zombie (Crypt:2)
  Maurice (D:8)
  A red wasp (Vault:4)
  2 griffon zombies
  A catoblepas skeleton (Crypt:5)
  10 cyclopes
  An iron dragon simulacrum (Crypt:1)
  A fire crab (D:23)
  3 elephant slugs
  6 feature mimics
  8 phantasmal warriors
  A dragon zombie (D:17)
  A black mamba zombie (Crypt:4)
  A sixfirhy (D:3)
  38 black mambas
  3 ettin skeletons
  An ice dragon skeleton (D:15)
  4 large abominations
  A queen ant (D:19)
  A wolf spider (D:17)
  33 slime creatures
  An elephant (shapeshifter) (Vault:8)
  15 elephants
  A dragon skeleton (Crypt:1)
  A slime creature (shapeshifter) (D:22)
  A griffon skeleton (Vault:1)
  13 rock trolls
  An alligator skeleton (Crypt:1)
  15 naga magi
  A tormentor (Zot:5)
  3 hellwings
  6 spiny frogs
  Psyche (D:8)
  2 hill giant zombies
  122 yaktaurs
  A komodo dragon (shapeshifter) (Vault:8)
  76 ugly things
  A hill giant skeleton (D:24)
  2 rock trolls (shapeshifter) (Vault:8)
  A draconian skeleton (Crypt:3)
  13 trolls
  18 mermaids
  2 polar bears
  2 spriggans (shapeshifter)
  A troll (shapeshifter) (Elf:4)
  A deep troll zombie (Crypt:1)
  A redback (D:19)
  3 silent spectres (Crypt:3)
  A polar bear (shapeshifter) (D:24)
  3 iron devils
  A hydra simulacrum (Abyss)
  9 two-headed ogres
  A queen bee (shapeshifter) (D:27)
  2 hell beasts
  Prince Ribbit (Lair:1)
  11 smoke demons
  2 rock troll zombies
  A wandering mushroom (Zot:3)
  7 komodo dragons
  A giant firefly (D:14)
  2 snapping turtle zombies (Crypt:5)
  A blink frog (shapeshifter) (Vault:8)
  5 snapping turtles
  16 blink frogs
  2 wyverns
  A human skeleton (D:25)
  A hairy devil (D:14)
  A spiny frog skeleton (Crypt:1)
  2 elephant zombies
  A red wasp simulacrum (D:18)
  A baby alligator skeleton (Crypt:4)
  6 grizzly bears (Lair:8)
  2 basilisks
  A blink frog zombie (D:24)
  53 yaks
  3 ynoxinuls
  4 vampires
  17 deep elf conjurers
  A blink frog skeleton (D:11)
  8 wraiths
  A fire elemental (Abyss)
  15 bumblebees
  5 sharks
  A hog zombie (Crypt:1)
  A swamp dragon skeleton (Crypt:5)
  14 hippogriffs
  Grum (D:10)
  A fire crab zombie (D:25)
  4 fire drakes
  A merfolk skeleton (Crypt:2)
  A neqoxec (Vault:1)
  17 deep elf summoners
  43 merfolk
  10 hungry ghosts
  A steam dragon (D:10)
  3 merfolk (shapeshifter)
  4 water elementals (Shoals:5)
  20 vampire mosquitoes
  5 item mimics
  4 soldier ants
  2 yaktaur zombies
  3 elves (shapeshifter)
  4 rock worms
  A manticore (shapeshifter) (Vault:8)
  12 war dogs
  A giant slug zombie (Crypt:2)
  3 insubstantial wisps
  5 mottled dragons
  A wyvern zombie (D:11)
  27 deep elf fighters
  2 cyclops zombies
  A manticore zombie (Crypt:4)
  A mermaid skeleton (Crypt:1)
  An orange crystal statue (Elf:1)
  13 manticores
  A wyvern skeleton (Crypt:1)
  3 yaktaur skeletons
  11 deep elf priests
  A rock troll simulacrum (Crypt:5)
  10 necrophages
  8 hell hounds
  15 freezing wraiths
  3 slaves
  5 yellow wasps
  3 red devils
  26 ogres
  6 sky beasts
  A black bear (shapeshifter) (Vault:8)
  An ice beast (shapeshifter) (Vault:2)
  2 black bears (Lair:8)
  56 orc warriors
  33 ice beasts
  3 rock worm zombies
  4 troll zombies
  A grizzly bear zombie (Crypt:2)
  5 giant goldfish
  6 phantoms
  A centaur (shapeshifter) (D:18)
  14 crocodiles
  28 centaurs
  2 grizzly bear skeletons
  A troll skeleton (D:16)
  13 wargs
  A big kobold (D:10)
  51 nagas
  A polar bear skeleton (Crypt:3)
  2 boring beetles
  A wolf zombie (Crypt:4)
  A boring beetle (shapeshifter) (D:21)
  A yak skeleton (D:14)
  3 wolves
  27 water moccasins
  14 giant slugs
  A water moccasin zombie (D:5)
  A rotting devil (Vault:1)
  22 giant frogs
  6 agate snails
  21 deep elf magi
  A centaur skeleton (Crypt:5)
  A tarantella (D:14)
  An agate snail (shapeshifter) (Vault:7)
  2 humans (shapeshifter)
  An elf zombie (Elf:3)
  A water moccasin skeleton (D:13)
  A two-headed ogre skeleton (Crypt:1)
  16 boulder beetles
  16 killer bees
  15 jellyfish
  2 killer bee zombies
  9 electric eels
  A felid zombie (Crypt:5)
  A centaur simulacrum (Port)
  A big kobold zombie (D:11)
  7 ogre zombies
  7 pulsating lumps
  A vampire bat (Lair:2)
  A boulder beetle (shapeshifter) (Vault:8)
  14 crimson imps
  31 wights
  4 lava snakes
  2 small abominations
  45 orc priests
  A mottled dragon skeleton (D:17)
  11 quasits
  A brain worm zombie (D:9)
  13 big fish
  4 goliath beetles
  9 iron imps
  5 big kobold skeletons
  17 hounds
  A hound zombie (D:26)
  A hound skeleton (Crypt:1)
  11 iguanas
  34 orc wizards
  4 shadows
  A worker ant zombie (D:10)
  8 orange rats (Crypt:5)
  49 deep elf soldiers
  7 jellies
  A swamp drake zombie (Crypt:3)
  5 scorpions
  16 worker ants
  10 porcupines
  A swamp drake skeleton (Crypt:4)
  13 sheep
  A sheep (shapeshifter) (D:17)
  2 naga simulacra (Port)
  A goliath beetle zombie (D:6)
  3 gnolls (D:7)
  7 lemures
  43 snakes
  A halfling zombie (Crypt:5)
  2 flying skulls
  64 green rats
  2 iguana zombies
  4 shadow imps
  A snake zombie (D:7)
  5 giant mites
  2 sheep skeletons
  A giant centipede (shapeshifter) (Vault:8)
  A halfling skeleton (Crypt:1)
  3 giant centipedes
  4 midges (Abyss)
  A porcupine skeleton (Crypt:4)
  11 white imps
  7 worms
  A human simulacrum (Port)
  24 ufetubi
  5 grey rats
  2 spectral bats (Lair:2)
  4 bat skeletons
  2 bat zombies
  5 giant eyeballs
  14 giant geckos
  5 oozes
  217 orcs
  3 fire bats (Lair:2)
  9 giant cockroaches
  26 goblins
  26 hobgoblins
  52 jackals
  27 kobolds
  19 quokkas
  2 small snakes
  A small snake (shapeshifter) (Elf:3)
  7 ant larvae (D:19)
  An ant larva zombie (Crypt:1)
  69 bats
  A bat simulacrum (Lair:2)
  A giant gecko skeleton (D:6)
  8 giant newts
  A giant spore (D:9)
  A goblin zombie (D:6)
  3 hobgoblin skeletons (D:6)
  5 hobgoblin zombies
  3 illusory rakshasas
  A jackal skeleton (D:6)
  A jackal zombie (Crypt:5)
  2 kobold skeletons
  A kobold zombie (D:6)
  2 orc simulacra (Port)
  4 orc skeletons
  17 orc zombies
  A quokka skeleton (Crypt:1)
  36 rats
  A rat skeleton (Crypt:2)
  A small snake skeleton (D:21)
  A ballistomycete (D:9)
  3 butterflies
  4 crawling corpses
  9 fungi
  A macabre mass (Elf:4)
  15 plants
  7 tentacles (Shoals:3)
  30 toadstools
3245 creatures vanquished.

Vanquished Creatures (collateral kills)
  Mara (Vault:6)
  Mennas (D:21)
  A golden dragon (D:21)
  Nikola (Snake:4)
  A titan (D:22)
  2 shadow dragons
  A sphinx (Vault:3)
  Rupert (Snake:2)
  Agnes (D:14)
  3 storm dragons
  Ilsuiw (Shoals:5)
  4 frost giants
  Donald (Orc:4)
  An iron dragon (D:22)
  A draconian scorcher (D:27)
  A bone dragon (D:27)
  A tentacled monstrosity (Vault:6)
  A draconian zealot (D:27)
  15 stone giants
  A fire giant (D:27)
  3 draconian callers (D:27)
  A purple draconian (D:27)
  An ettin (shapeshifter) (D:27)
  5 ettins
  6 yaktaur captains
  A dragon (D:18)
  6 vault guards (Vault:7)
  A storm dragon skeleton (D:20)
  2 merfolk aquamancers (Shoals:5)
  2 great orbs of eyes
  2 hydras
  A deep elf demonologist (Elf:3)
  Nessos (D:11)
  An ogre mage (Vault:1)
  A merfolk impaler (Shoals:5)
  A death yak (Lair:5)
  An alligator (shapeshifter) (D:22)
  2 very ugly things
  12 deep trolls
  A deep elf high priest (Vault:8)
  3 orc high priests (Orc:4)
  A stone giant zombie (D:18)
  A centaur warrior (D:21)
  A vapour (D:27)
  2 stone giant skeletons (Vault:5)
  3 iron trolls (D:26)
  2 skeletal warriors
  A hell knight (Vault:7)
  4 naga warriors
  2 sea snakes (Shoals:5)
  An ice statue (Elf:1)
  A harpy (Vault:5)
  A hellion (Elf:3)
  A hill giant (shapeshifter) (Vault:7)
  A flayed ghost (Vault:7)
  A flaming corpse (Crypt:5)
  A giant amoeba (Vault:3)
  2 dancing weapons
  6 orc knights
  A guardian serpent (shapeshifter) (Vault:8)
  A hill giant (D:18)
  A guardian serpent (Snake:4)
  A spiny worm (D:22)
  2 griffons
  A shining eye (shapeshifter) (D:22)
  2 cyclopes
  A harpy skeleton (D:18)
  8 red wasps
  3 black mambas
  A spiny frog (D:16)
  10 slime creatures
  A guardian serpent skeleton (D:18)
  2 rock trolls
  37 ugly things
  A naga mage (Snake:4)
  A yaktaur (shapeshifter) (D:18)
  10 yaktaurs
  A redback (D:18)
  A mermaid (Shoals:5)
  2 trolls
  2 deep troll zombies (D:21)
  A deep troll skeleton (D:21)
  A two-headed ogre (Vault:1)
  A basilisk (shapeshifter) (D:26)
  A blue devil (D:27)
  3 hippogriffs
  2 yaks (D:19)
  A fire drake (D:27)
  8 vampire mosquitoes
  A blink frog skeleton (D:21)
  A mottled dragon (D:27)
  A draconian simulacrum (Port)
  5 merfolk (Shoals:5)
  2 manticores (Shoals:5)
  A soldier ant (D:15)
  3 water elementals (Shoals:5)
  A deep elf fighter (Elf:3)
  A manticore (shapeshifter) (D:26)
  A necrophage (Crypt:5)
  5 insubstantial wisps
  7 yellow wasps
  3 freezing wraiths
  12 orc warriors
  2 black bears (D:27)
  A kobold demonologist (D:20)
  A swamp drake (D:27)
  29 nagas
  5 ogres
  2 boring beetles
  4 centaurs
  2 water moccasins (Snake:4)
  A giant frog (D:22)
  An agate snail (D:18)
  A giant frog skeleton (Crypt:5)
  A troll simulacrum (Port)
  A boulder beetle (D:26)
  A centaur simulacrum (Port)
  A small abomination (Abyss)
  A goliath beetle (D:17)
  An electric eel (Snake:1)
  An elf simulacrum (Port)
  3 orc priests
  A shadow (Crypt:5)
  A deep elf soldier (Elf:4)
  A naga skeleton (Snake:4)
  2 orc wizards
  An orc zombie (Orc:4)
  A sheep (D:26)
  An ogre simulacrum (Port)
  A naga simulacrum (Port)
  A lemure (Abyss)
  5 snakes
  A giant centipede (D:26)
  2 snake zombies
  7 white imps (Port)
  10 orcs
  A bat (D:20)
  2 kobolds
  An ant larva (D:19)
  A goblin (Orc:4)
  A butterfly (Shoals:5)
378 creatures vanquished.

Vanquished Creatures (others)
  An ancient lich (Crypt:5)
  An Ice Fiend (D:26)
  A bone dragon (Orc:4)
  Gastronok (Lair:4)
  2 Green Deaths (D:27)
  The ghost of hayenne the Splendid Chronographer, a powerful NaTm of Cheibriados (Lab)
  A sphinx zombie (D:26)
  5 death yaks
  A stone giant zombie (D:26)
  A shadow dragon skeleton (D:25)
  A frost giant zombie (D:26)
  9 very ugly things
  A deep troll (Vault:7)
  2 orc high priests (Orc:4)
  11 vapours
  9 skeletal warriors
  A deep elf knight (Elf:3)
  6 orc knights (Orc:4)
  Urug (Orc:4)
  An orc sorcerer (D:25)
  12 red wasps
  A cyclops (D:13)
  3 griffons
  3 black mambas (Lair:7)
  A sixfirhy (D:22)
  2 elephants
  An orange demon (Shoals:5)
  A yaktaur (D:26)
  11 slime creatures
  12 spiny frogs
  2 komodo dragons
  Sonja (D:10)
  13 ugly things
  A smoke demon (Orc:4)
  A deep troll zombie (D:26)
  2 human zombies (D:25)
  7 blink frogs
  13 polar bears
  A troll (Orc:3)
  12 bumblebees
  The ghost of imantor the Ducker, an average KoBe of Trog (D:4)
  10 grizzly bears
  8 basilisks
  9 hogs
  A chaos spawn (D:22)
  Eustachio (D:5)
  8 yaks
  27 dancing weapons
  6 soldier ants
  2 deep elf fighters (Elf:2)
  2 fire drakes
  2 yaktaur zombies (D:26)
  Edmund (D:4)
  44 vampire mosquitoes
  8 war dogs
  A hippogriff (D:27)
  8 freezing wraiths (Port)
  2 hell hounds (Lair:8)
  7 orc warriors
  5 black bears
  8 insubstantial wisps
  7 red devils
  3 boring beetles
  2 centaurs (D:14)
  A yak zombie (D:18)
  A hell beast (D:18)
  2 ogres
  2 manticore skeletons
  2 rotting devils
  A hippogriff skeleton (D:7)
  34 yellow wasps
  5 wolves
  A yak skeleton (D:9)
  A water moccasin (Lair:8)
  A giant frog (Lair:7)
  2 giant slugs
  A warg (Lair:8)
  A fire crab simulacrum (D:25)
  2 agate snails
  2 deep elf magi
  A giant frog skeleton (Lair:1)
  A troll simulacrum (Port)
  A jellyfish (D:11)
  A pulsating lump (Lair:7)
  A small abomination (D:24)
  A polar bear simulacrum (Port)
  3 wolf simulacra (Port)
  3 crimson imps
  2 iron imps
  5 orc priests (Orc:4)
  2 naga zombies (Snake:4)
  An orange rat (Crypt:5)
  2 orc wizards
  8 hounds
  A deep elf soldier (Elf:4)
  5 worker ants (D:19)
  24 sheep
  16 jellies
  2 naga simulacra (Port)
  A mummy (D:9)
  2 lemures
  3 snakes
  2 midges (D:5)
  3 shadow imps
  2 snake zombies (Snake:4)
  A green rat (Crypt:5)
  2 white imps
  3 human simulacra (Port)
  4 ufetubi
  An ooze (Lair:8)
  15 orcs
  6 jackals
  An ant larva (D:19)
  A giant cockroach zombie (D:18)
  A giant spore (D:12)
  2 goblins
  A goblin zombie (D:26)
  2 illusory rakshasas (Vault:1)
  A jackal zombie (D:14)
  2 kobolds
  2 orc simulacra (Port)
  2 rats (Crypt:5)
  9 fungi
  31 plants
  8 tentacles (Shoals:3)
  616 tentacle segments (Shoals:3)
  35 toadstools
1228 creatures vanquished.

Grand Total: 4851 creatures vanquished

Notes
Turn   | Place    | Note
--------------------------------------------------------------
     0 | D:1      | commanderc, the Minotaur Artificer, began the quest for the Orb.
     0 | D:1      | Reached XP level 1. HP: 17/17 MP: 1/1
   771 | D:1      | Reached XP level 2. HP: 24/24 MP: 1/1
   915 | D:1      | Reached skill level 3 in Fighting
  1769 | D:1      | Reached skill level 4 in Fighting
  1830 | D:1      | Reached XP level 3. HP: 3/30 MP: 2/2
  2214 | D:2      | Reached skill level 5 in Fighting
  2306 | D:2      | Reached skill level 1 in Axes
  3047 | D:3      | Reached XP level 4. HP: 35/38 MP: 2/2
  3638 | D:4      | Noticed Edmund
  3775 | D:4      | Noticed Pikel
  4631 | D:4      | Noticed Eustachio
  4639 | D:5      | Entered Level 5 of the Dungeon
  4685 | D:5      | Reached skill level 5 in Axes
  4685 | D:5      | Reached XP level 5. HP: 37/45 MP: 2/2
  4818 | D:5      | Paralysed by a giant eyeball for 4 turns
  5050 | D:5      | Reached skill level 6 in Axes
  5257 | D:4      | Reached XP level 6. HP: 31/51 MP: 3/3
  5379 | D:5      | Reached skill level 1 in Bows
  6218 | D:5      | Reached skill level 7 in Axes
  6456 | D:5      | Reached XP level 7. HP: 43/58 MP: 3/3
  7086 | D:6      | Reached skill level 8 in Axes
  7189 | D:6      | Found a staircase to the Ecumenical Temple.
  7199 | Temple   | Entered the Ecumenical Temple
  7362 | Temple   | Became a worshipper of Nemelex Xobeh
  7374 | Temple   | Received a gift from Nemelex Xobeh
  7657 | D:6      | Noticed an ogre zombie
  7713 | D:6      | Noticed an ogre zombie
  7985 | D:6      | Defeated an ogre zombie
  8088 | D:6      | Noticed a troll zombie
  8090 | D:6      | Noticed an ogre zombie
  8593 | D:6      | Defeated an ogre zombie
  8653 | D:6      | Found a staircase to the Orcish Mines.
  8653 | D:6      | Noticed an ogre zombie
  8663 | D:6      | Reached XP level 8. HP: 65/68 MP: 3/3
  8679 | D:6      | Defeated an ogre zombie
  8686 | D:6      | Reached skill level 9 in Axes
  8749 | D:6      | Defeated an ogre zombie
  8829 | D:6      | Noticed an ogre zombie
  8846 | D:6      | Defeated an ogre zombie
  8857 | D:6      | Noticed a troll zombie
  8929 | D:6      | Defeated a troll zombie
  9627 | D:3      | Acquired Nemelex Xobeh's first power
  9723 | D:3      | Received a gift from Nemelex Xobeh
  9747 | D:3      | Noticed a giant frog skeleton
  9757 | D:3      | Noticed a boring beetle
  9869 | D:5      | Reached skill level 10 in Axes
 10211 | D:5      | Defeated Eustachio
 10290 | D:4      | Received a gift from Nemelex Xobeh
 10308 | D:4      | Defeated Pikel
 10308 | D:4      | Reached XP level 9. HP: 45/73 MP: 4/4
 10457 | D:4      | Reached skill level 5 in Evocations
 10581 | D:4      | Noticed imantor's ghost (average KoBe)
 10594 | D:4      | Defeated imantor's ghost
 10690 | D:4      | Received a gift from Nemelex Xobeh
 10690 | D:4      | Noticed a vampire mosquito
 10700 | D:4      | Defeated Edmund
 11242 | D:6      | Noticed a bumblebee
 11251 | D:6      | Defeated a bumblebee
 11533 | D:7      | Reached skill level 1 in Spellcasting
 11792 | D:7      | Reached skill level 1 in Armour
 12112 | D:7      | Acquired Nemelex Xobeh's second power
 12224 | D:7      | Received a gift from Nemelex Xobeh
 12758 | D:7      | Noticed a hippogriff skeleton
 12792 | D:6      | Noticed an ogre zombie
 12806 | D:6      | Defeated an ogre zombie
 12945 | D:6      | Defeated a troll zombie
 12945 | D:6      | Reached skill level 5 in Bows
 13044 | D:7      | Defeated a hippogriff skeleton
 13199 | D:7      | Received a gift from Nemelex Xobeh
 13413 | D:8      | Noticed Psyche
 13692 | D:8      | Found a staircase to the Lair.
 13838 | Lair:1   | Entered Level 1 of the Lair of Beasts
 14377 | D:8      | Reached skill level 11 in Axes
 14377 | D:8      | Reached XP level 10. HP: 40/83 MP: 6/6
 14892 | Lair:1   | Noticed Prince Ribbit
 14898 | Lair:1   | Defeated Prince Ribbit
 15500 | D:8      | Received a gift from Nemelex Xobeh
 15656 | D:8      | Defeated Psyche
 15977 | D:8      | Noticed Maurice
 16243 | Lair:1   | Acquired Nemelex Xobeh's third power
 16243 | Lair:1   | Received a gift from Nemelex Xobeh
 16253 | Lair:1   | Reached skill level 5 in Armour
 16264 | Lair:1   | HP: 4/85 [crocodile (16)]
 16532 | Lair:1   | Reached skill level 5 in Dodging
 16815 | Lair:2   | Found a labyrinth entrance.
 16823 | Lab      | Entered a Labyrinth
 17125 | Lab      | Noticed hayenne's ghost (powerful NaTm)
 17129 | Lab      | Received a gift from Nemelex Xobeh
 17164 | Lab      | Defeated hayenne's ghost
 17164 | Lab      | Reached skill level 5 in Shields
 18261 | Lab      | Reached XP level 11. HP: 40/92 MP: 6/6
 18269 | Lab      | Got an ichor-stained short sword
 18532 | Lair:2   | Identified the cursed short sword of Cyxke {freeze, Str+3 Dex+2} (You found it in a Labyrinth)
 18728 | Lair:2   | Received a gift from Nemelex Xobeh
 19260 | Lair:3   | Received a gift from Nemelex Xobeh
 19285 | Lair:3   | Reached skill level 12 in Axes
 20244 | Lair:4   | Acquired Nemelex Xobeh's fourth power
 20244 | Lair:4   | Received a gift from Nemelex Xobeh
 20774 | Lair:4   | Received a gift from Nemelex Xobeh
 20783 | Lair:4   | Reached skill level 5 in Traps & Doors
 21341 | Lair:4   | Found a staircase to the Shoals.
 21342 | Lair:4   | Noticed Gastronok
 22235 | Lair:4   | Received a gift from Nemelex Xobeh
 22239 | Lair:4   | Defeated Gastronok
 22416 | Lair:4   | Noticed a bumblebee
 22689 | Lair:4   | Received a gift from Nemelex Xobeh
 23179 | Lair:4   | Received a gift from Nemelex Xobeh
 23396 | Lair:4   | Noticed Harold
 23409 | Lair:4   | Defeated Harold
 23409 | Lair:4   | Reached XP level 12. HP: 55/100 MP: 8/8
 24429 | Lair:5   | Got an ancient sling
 24430 | Lair:5   | Identified the cursed -4,-1 sling of Expedience (You found it on level 5 of the Lair of Beasts)
 24456 | Lair:5   | Reached skill level 10 in Fighting
 24458 | Lair:5   | Received a gift from Nemelex Xobeh
 25484 | Lair:2   | Gained mutation: Your mind is acute (Int +1).
 25485 | Lair:2   | Upgraded the game from 0.10-a0-2298-gb151db1 to 0.10-a0-2320-g4c44ea9
 26035 | Lair:2   | Acquired Nemelex Xobeh's fifth power
 26085 | D:8      | Defeated Maurice
 26090 | D:8      | Received a gift from Nemelex Xobeh
 26139 | Orc:1    | Entered Level 1 of the Orcish Mines
 26139 | Orc:1    | Found Cuch's Magical Wand Emporium.
 26182 | Orc:1    | Bought a wand of hasting (5) for 594 gold pieces
 26599 | Orc:1    | Found a roughly hewn altar of Beogh.
 26656 | Orc:1    | Received a gift from Nemelex Xobeh
 26823 | Orc:3    | Found Gegeenaw's Magic Scroll Emporium.
 26823 | Orc:3    | Found a staircase to the Elven Halls.
 27205 | Orc:3    | Found Uromaoj's Magic Scroll Shop.
 27233 | Orc:3    | Found Jerah's Food Shop.
 27261 | Orc:1    | Bought a wand of teleportation (5) for 297 gold pieces
 28240 | Orc:2    | Received a gift from Nemelex Xobeh
 28347 | Orc:2    | Found Brumog's Weapon Emporium.
 28730 | Orc:4    | Entered Level 4 of the Orcish Mines
 29077 | Orc:4    | Noticed Urug
 29113 | Orc:4    | Defeated Urug
 29117 | Orc:4    | Received a gift from Nemelex Xobeh
 29296 | Orc:4    | Noticed Donald
 29304 | Orc:4    | Defeated Donald
 29304 | Orc:4    | Reached skill level 10 in Armour
 29323 | Orc:4    | Found Claugh's Assorted Antiques.
 29503 | Orc:3    | Found Yfakasuf's Jewellery Emporium.
 29525 | Orc:3    | Found Trerph's General Store.
 29535 | Orc:3    | Bought the ring "Birhim" {rF+ rC+} for 546 gold pieces
 30821 | Orc:4    | Noticed an orc high priest
 30957 | Orc:3    | Received a gift from Nemelex Xobeh
 30966 | Orc:4    | Reached skill level 10 in Dodging
 30966 | Orc:4    | Defeated an orc high priest
 31099 | Orc:4    | Reached skill level 10 in Evocations
 31481 | Orc:4    | Received a gift from Nemelex Xobeh
 31487 | Orc:4    | Noticed an orc high priest
 31491 | Orc:4    | Defeated an orc high priest
 31527 | Orc:4    | Noticed an orc high priest
 31532 | Orc:4    | Defeated an orc high priest
 31534 | Orc:4    | Defeated an orc high priest
 31811 | Orc:4    | Reached XP level 13. HP: 86/107 MP: 5/8
 31922 | Orc:4    | Noticed an orc high priest
 31951 | Orc:4    | Received a gift from Nemelex Xobeh
 31958 | Orc:4    | Defeated a helpless orc high priest
 32001 | Orc:4    | Found Oschak's Magical Wand Shoppe.
 32001 | Orc:4    | Found Jisuntumno's Food Emporium.
 32001 | Orc:4    | Found Mnail's Antique Weapon Shoppe.
 32001 | Orc:4    | Found Ofuamafu's Weapon Shoppe.
 32829 | Lair:6   | Received a gift from Nemelex Xobeh
 33908 | Lair:6   | Reached skill level 13 in Axes
 34274 | Lair:7   | Received a gift from Nemelex Xobeh
 34274 | Lair:7   | Noticed a yellow wasp
 34276 | Lair:7   | Defeated a yellow wasp
 34676 | Lair:7   | Reached skill level 14 in Axes
 34958 | Lair:7   | Received a gift from Nemelex Xobeh
 35639 | Lair:7   | Found A frozen archway.
 35663 | IceCv    | Entered an ice cave
 36344 | IceCv    | Received a gift from Nemelex Xobeh
 36735 | IceCv    | Found an ancient bone altar of Kikubaaqudgha.
 36890 | Lair:7   | Received a gift from Nemelex Xobeh
 37067 | Lair:2   | Upgraded the game from 0.10-a0-2320-g4c44ea9 to 0.10-a0-2334-g0b72d37
 37289 | Lair:8   | Entered Level 8 of the Lair of Beasts
 37424 | Lair:7   | Reached XP level 14. HP: 104/115 MP: 8/8
 37823 | Lair:8   | Received a gift from Nemelex Xobeh
 38212 | Lair:8   | Found a staircase to the Slime Pits.
 38282 | Lair:8   | Received a gift from Nemelex Xobeh
 38522 | Lair:8   | Received a gift from Nemelex Xobeh
 38969 | Lair:8   | Noticed a yellow wasp
 38969 | Lair:8   | Noticed a yellow wasp
 38969 | Lair:8   | Noticed a yellow wasp
 38969 | Lair:8   | Noticed a yellow wasp
 38973 | Lair:8   | Defeated a yellow wasp
 38974 | Lair:8   | Defeated a yellow wasp
 38975 | Lair:8   | Defeated a helpless yellow wasp
 38976 | Lair:8   | Defeated a helpless yellow wasp
 39177 | Lair:8   | Paralysed by you for 5 turns
 39737 | Lair:8   | Received a gift from Nemelex Xobeh
 39802 | Lair:8   | Identified a +1 cloak of preservation (You found it on level 8 of the Lair of Beasts)
 40160 | Lair:2   | Upgraded the game from 0.10-a0-2334-g0b72d37 to 0.10-a0-2350-g7a637f2
 40616 | D:9      | Found a burning altar of Makhleb.
 40751 | D:9      | Received a gift from Nemelex Xobeh
 40903 | D:9      | Noticed a hammer
 40907 | D:9      | Defeated a hammer
 40963 | D:10     | Entered Level 10 of the Dungeon
 41243 | D:10     | Received a gift from Nemelex Xobeh
 41511 | D:10     | Noticed Grum
 41526 | D:10     | Noticed Sonja
 41532 | D:10     | Noticed a bumblebee
 41537 | D:10     | Reached skill level 10 in Traps & Doors
 41540 | D:10     | Defeated Grum
 41551 | D:10     | Defeated Sonja
 41556 | D:10     | Defeated a bumblebee
 41800 | D:10     | Received a gift from Nemelex Xobeh
 42215 | D:11     | Received a gift from Nemelex Xobeh
 42319 | D:11     | Noticed a pulsating lump
 42348 | D:11     | Defeated a pulsating lump
 42604 | D:11     | Noticed Nessos
 42613 | D:11     | Received a gift from Nemelex Xobeh
 42689 | D:11     | Defeated Nessos
 42959 | D:11     | Noticed Josephine
 43022 | D:11     | Defeated Josephine
 43220 | D:11     | Found Xiotatee's General Store.
 43239 | D:11     | Bought a potion of heal wounds for 33 gold pieces
 43239 | D:11     | Bought a scroll of identify for 22 gold pieces
 43505 | D:11     | Received a gift from Nemelex Xobeh
 43613 | Lair:2   | Upgraded the game from 0.10-a0-2350-g7a637f2 to 0.10-a0-2362-g50428df
 43748 | D:12     | Got a steaming spear
 44091 | D:12     | Identified the cursed spear "Byshryem" {speed, Str-2} (You found it on level 12 of the Dungeon)
 45174 | D:13     | Received a gift from Nemelex Xobeh
 45300 | D:13     | Found Neiwoz's Distillery.
 45307 | D:13     | Bought a potion of strong poison for 30 gold pieces
 45897 | D:14     | Found Klocke's General Store.
 45965 | D:14     | Bought a scroll of acquirement for 728 gold pieces
 45970 | D:14     | Identified a +1 pair of boots of running (You acquired it on level 14 of the Dungeon)
 46038 | D:14     | Found Shusog's Antique Weapon Shoppe.
 46060 | D:14     | Received a gift from Nemelex Xobeh
 46070 | D:14     | Reached skill level 15 in Axes
 46591 | D:14     | Noticed Erica
 46600 | D:14     | Defeated Erica
 46600 | D:14     | Received a gift from Nemelex Xobeh
 46995 | Lair:2   | Upgraded the game from 0.10-a0-2362-g50428df to 0.10-a0-2379-g54508d0
 47192 | D:14     | Found Panu's Assorted Antiques.
 47295 | D:14     | Found Zuleeh's Antique Weapon Shoppe.
 47338 | D:14     | Noticed Agnes
 47342 | D:14     | Received a gift from Nemelex Xobeh
 47351 | D:14     | Defeated Agnes
 47539 | D:14     | Noticed a boring beetle
 47555 | D:14     | Reached XP level 15. HP: 85/124 MP: 9/9
 47561 | D:14     | Defeated a boring beetle
 47811 | D:14     | Found Conixump's Magical Wand Boutique.
 47906 | D:15     | Entered Level 15 of the Dungeon
 49668 | D:15     | Received a gift from Nemelex Xobeh
 49799 | D:15     | Reached skill level 15 in Armour
 50082 | Lair:2   | Upgraded the game from 0.10-a0-2379-g54508d0 to 0.10-a0-2382-gaabb146
 51488 | D:16     | Reached skill level 16 in Axes
 51713 | D:16     | Found Schetzias' General Store.
 51772 | D:16     | Received a gift from Nemelex Xobeh
 53697 | Orc:4    | Bought an encrusted splint mail for 646 gold pieces
 53718 | Orc:4    | Identified the +2 splint mail "Blenwa Tiusch" (You bought it in a shop on level 4 of the Orcish Mines)
 53974 | Lair:2   | Received a gift from Nemelex Xobeh
 54178 | Lair:5   | Found a staircase to the Snake Pit.
 54208 | Snake:1  | Entered Level 1 of the Snake Pit
 55072 | Snake:1  | Received a gift from Nemelex Xobeh
 57749 | Snake:2  | Received a gift from Nemelex Xobeh
 57908 | Snake:2  | Noticed Rupert
 57911 | Snake:2  | Paralysed by Rupert for 2 turns
 57916 | Snake:2  | Defeated Rupert
 57916 | Snake:2  | Reached XP level 16. HP: 121/134 MP: 10/10
 58075 | Snake:2  | Received a gift from Nemelex Xobeh
 58432 | Snake:3  | Received a gift from Nemelex Xobeh
 58834 | Snake:4  | Received a gift from Nemelex Xobeh
 58942 | Snake:4  | Received a gift from Nemelex Xobeh
 59342 | Snake:4  | Noticed Nikola
 59355 | Snake:4  | Defeated Nikola
 59355 | Snake:4  | Reached skill level 17 in Axes
 59436 | Snake:4  | Found Zami Broi's Distillery.
 59474 | Snake:4  | Received a gift from Nemelex Xobeh
 59660 | Snake:4  | Received a gift from Nemelex Xobeh
 59672 | Snake:4  | Gained mutation: Your muscles are strong (Str +1).
 60081 | Snake:4  | Lost mutation: Your mind is acute (Int +1).
 60081 | Snake:4  | Gained mutation: Your mind is acute (Int +1).
 60303 | Snake:4  | Received a gift from Nemelex Xobeh
 60494 | Lair:2   | Identified a +2 cloak of preservation (You took it off Nikola on level 4 of the Snake Pit)
 61170 | D:17     | Received a gift from Nemelex Xobeh
 61173 | D:17     | Noticed a pulsating lump
 61173 | D:17     | an orc priest changed into a pulsating lump
 61192 | D:16     | Defeated a pulsating lump
 61582 | D:17     | Received a gift from Nemelex Xobeh
 61936 | D:17     | Received a gift from Nemelex Xobeh
 62237 | D:17     | Received a gift from Nemelex Xobeh
 62507 | D:17     | Received a gift from Nemelex Xobeh
 62862 | D:18     | Received a gift from Nemelex Xobeh
 63366 | D:18     | Received a gift from Nemelex Xobeh
 63414 | D:18     | Noticed a stone giant
 63417 | D:18     | Defeated a stone giant
 63685 | D:18     | Noticed a stone giant
 63685 | D:18     | Received a gift from Nemelex Xobeh
 63699 | D:18     | Defeated a stone giant
 64003 | D:18     | Received a gift from Nemelex Xobeh
 64936 | D:19     | Received a gift from Nemelex Xobeh
 64995 | D:19     | Reached XP level 17. HP: 128/143 MP: 10/10
 65061 | D:19     | Found Ynkiasm's Magic Scroll Emporium.
 65134 | D:19     | Got a fine cloak
 65138 | D:19     | Identified the +2 cloak "Chue" (You found it on level 19 of the Dungeon)
 65138 | D:19     | looks like a fixed arti
 65142 | D:19     | Found a staircase to the Vaults.
 65200 | D:19     | Received a gift from Nemelex Xobeh
 65603 | D:19     | Reached skill level 18 in Axes
 65920 | D:18     | Received a gift from Nemelex Xobeh
 66201 | D:19     | Received a gift from Nemelex Xobeh
 66302 | D:19     | Reached skill level 15 in Evocations
 66329 | D:19     | Paralysed by a giant eyeball for 2 turns
 66403 | D:20     | Entered Level 20 of the Dungeon
 66406 | D:20     | Received a gift from Nemelex Xobeh
 66458 | D:20     | Reached skill level 15 in Dodging
 66850 | D:20     | Received a gift from Nemelex Xobeh
 67716 | D:21     | Found a one-way gate leading to the halls of Pandemonium.
 67948 | D:21     | Found a one-way gate to the infinite horrors of the Abyss.
 67992 | D:21     | Found a gateway to Hell.
 68045 | D:21     | Received a gift from Nemelex Xobeh
 68897 | D:21     | Noticed Mennas
 68929 | D:21     | Received a gift from Nemelex Xobeh
 69048 | D:21     | Defeated Mennas
 69448 | D:21     | Noticed a pulsating lump
 69448 | D:21     | a boulder beetle changed into a pulsating lump
 69455 | D:21     | a pulsating lump changed into a merfolk
 69558 | D:21     | Got an ichor-stained mace
 69901 | D:21     | Got a distressingly furry splint mail
 69921 | D:21     | Identified the +0 splint mail of the Ten Ghosts (You found it on level 21 of the Dungeon)
 69958 | D:21     | Noticed a golden dragon
 70059 | D:21     | Received a gift from Nemelex Xobeh
 70071 | D:21     | Defeated a golden dragon
 70071 | D:21     | Reached XP level 18. HP: 85/152 MP: 8/11
 70918 | Lair:2   | Identified the mace "Preuman" {freeze, Str+2} (You found it on level 21 of the Dungeon)
 70921 | Lair:2   | Upgraded the game from 0.10-a0-2382-gaabb146 to 0.10-a0-2410-gfde24eb
 71293 | D:21     | Received a gift from Nemelex Xobeh
 71318 | D:21     | Noticed a vapour
 71326 | D:21     | Defeated a vapour
 71466 | D:22     | Noticed Frederick
 71511 | D:22     | Defeated Frederick
 72296 | D:22     | Received a gift from Nemelex Xobeh
 72505 | D:22     | Noticed a vapour
 72585 | D:22     | Noticed a golden dragon
 72585 | D:22     | Noticed an iron dragon
 72585 | D:22     | Noticed a titan
 73318 | D:14     | Bought a brightly glowing whip for 225 gold pieces
 73564 | Orc:4    | Bought a twisted dire flail for 420 gold pieces
 73719 | Lair:2   | Identified the whip of Qiuhaat {slash, rF+} (You bought it in a shop on level 14 of the Dungeon)
 73720 | Lair:2   | Identified the dire flail "Detiar" {elec, MUT rElec Int+1 SInv} (You bought it in a shop on level 4 of the Orcish Mines)
 74093 | D:22     | Received a gift from Nemelex Xobeh
 74122 | D:22     | Noticed a shining eye
 74122 | D:22     | a merfolk changed into a shining eye
 74126 | D:22     | Defeated a shining eye
 74174 | D:22     | Paralysed by a red wasp for 3 turns
 74178 | D:22     | Defeated a titan
 74187 | D:22     | Reached skill level 10 in Bows
 74227 | D:22     | Defeated an iron dragon
 74251 | D:22     | Defeated a golden dragon
 74902 | D:23     | Noticed a deep elf conjurer
 74908 | D:23     | Noticed a deep elf conjurer
 74909 | D:23     | Noticed a deep elf summoner
 74941 | D:23     | Defeated a deep elf conjurer
 74942 | D:23     | Defeated a deep elf summoner
 74967 | D:23     | Received a gift from Nemelex Xobeh
 74977 | D:23     | Defeated a deep elf conjurer
 75101 | D:23     | Got a heavily runed scale mail
 75249 | D:23     | Identified the +1 scale mail "Bucka" (You found it on level 23 of the Dungeon)
 76216 | Vault:1  | Entered Level 1 of the Vaults
 76735 | Vault:1  | Reached XP level 19. HP: 89/159 MP: 11/11
 77438 | Vault:1  | Noticed Frances
 77447 | Vault:1  | Reached XP level 18. HP: 139/152 MP: 10/11
 77453 | Vault:1  | Defeated Frances
 77453 | Vault:1  | Reached XP level 19. HP: 129/159 MP: 10/11
 77841 | Vault:2  | Found a staircase to the Crypt.
 78228 | Vault:2  | Received a gift from Nemelex Xobeh
 78677 | Vault:2  | Noticed Jozef
 78712 | Vault:2  | Defeated Jozef
 78724 | Vault:2  | Received a gift from Nemelex Xobeh
 79213 | Vault:3  | Found a flickering gateway to a bazaar. 79225
                  | bazaar
                  | Entered a bazaar 79227
                  | bazaar
                  | Found Clulu's Assorted Antiques. 79230
                  | bazaar
                  | Found Grofah's Magic Scroll Boutique. 79231
                  | bazaar
                  | Found Wug Ahuc's Weapon Boutique. 79232
                  | bazaar
                  | Found Wojiasch's Book Boutique. 79255
                  | bazaar
                  | Bought a thin smoking rod for 360 gold pieces 79255
                  | bazaar
                  | Bought a scroll of blinking for 165 gold pieces 79264
                  | bazaar
                  | Bought a scroll of enchant weapon II for 66 gold pieces 79264
                  | bazaar
                  | Bought a scroll of identify for 24 gold pieces 79264
                  | bazaar
                  | Bought a scroll of enchant weapon II for 66 gold pieces
 79302 | Vault:2  | Identified a +1 rod of destruction [lightning,fireball,iron] (13/13) (You bought it in a shop in a bazaar)
 80090 | Vault:3  | Received a gift from Nemelex Xobeh
 80236 | Vault:3  | Reached skill level 15 in Bows
 80498 | Vault:3  | Found a white marble altar of Elyvilon.
 80685 | Vault:3  | Received a gift from Nemelex Xobeh
 81394 | Lair:1   | Received a gift from Nemelex Xobeh
 82169 | Vault:4  | Received a gift from Nemelex Xobeh
 82286 | Vault:4  | Noticed a deep elf mage
 82302 | Vault:4  | Defeated a deep elf mage
 82738 | Vault:4  | Received a gift from Nemelex Xobeh
 83799 | D:23     | Received a gift from Nemelex Xobeh
 84123 | D:24     | Noticed Saint Roka
 84417 | D:24     | Defeated Saint Roka
 84417 | D:24     | Reached XP level 20. HP: 156/168 MP: 10/12
 85425 | D:24     | Received a gift from Nemelex Xobeh
 86192 | D:24     | Received a gift from Nemelex Xobeh
 86523 | D:25     | Entered Level 25 of the Dungeon
 86730 | D:25     | Received a gift from Nemelex Xobeh
 86899 | D:25     | Received a gift from Nemelex Xobeh
 87098 | D:25     | Found a portal to a secret trove of treasure.
 87135 | D:25     | Received a gift from Nemelex Xobeh
 87717 | D:25     | Received a gift from Nemelex Xobeh
 87950 | D:25     | Received a gift from Nemelex Xobeh
 88210 | D:25     | Noticed Margery
 88736 | D:25     | Defeated Margery
 89010 | D:25     | Reached skill level 19 in Bows
 90956 | Vault:4  | Received a gift from Nemelex Xobeh
 90980 | Vault:4  | Noticed a short sword
 91231 | Vault:4  | Received a gift from Nemelex Xobeh
 91511 | Vault:4  | Paralysed by a great orb of eyes for 3 turns
 92120 | Vault:5  | Received a gift from Nemelex Xobeh
 92123 | Vault:5  | Noticed a hammer
 92137 | Vault:5  | Defeated a hammer
 92375 | Vault:5  | Reached skill level 15 in Fighting
 92663 | Vault:5  | Received a gift from Nemelex Xobeh
 93211 | Vault:4  | Reached XP level 21. HP: 99/177 MP: 13/13
 94097 | Lair:2   | Upgraded the game from 0.10-a0-2410-gfde24eb to 0.10-a0-2452-gc98e1b4
 94515 | D:25     | Received a gift from Nemelex Xobeh
 94948 | D:14     | Bought a scroll of enchant armour for 181 gold pieces
 95232 | D:26     | Received a gift from Nemelex Xobeh
 95312 | D:26     | Got a pitted leather armour
 95782 | D:26     | Received a gift from Nemelex Xobeh
 96060 | D:26     | Gained mutation: Armour fits poorly on your strangely shaped body.
 96064 | D:26     | Gained mutation: Your vision is a little blurry.
 96094 | D:26     | Found a gateway to a ziggurat.
 96114 | D:26     | Found Getiahea's Assorted Antiques.
 96288 | D:26     | Received a gift from Nemelex Xobeh
 96778 | D:26     | Received a gift from Nemelex Xobeh
 97005 | D:26     | Got a dazzling staff
 97022 | D:26     | Got a jewelled sabre
 97153 | D:26     | Found a shattered altar of Ashenzari.
 97367 | D:26     | Received a gift from Nemelex Xobeh
 97836 | Lair:2   | Identified the cursed -2 leather armour of Haloiget (You found it on level 26 of the Dungeon)
 97837 | Lair:2   | Identified the sabre "Hydraslayer" {venom, +Blink +Inv rElec} (You found it on level 26 of the Dungeon)
 97838 | Lair:2   | Identified the staff of Raozog {crush, rPois} (You found it on level 26 of the Dungeon)
 98203 | Lair:2   | Lost mutation: Your mind is acute (Int +1).
 98203 | Lair:2   | Lost mutation: Your muscles are strong (Str +1).
 98203 | Lair:2   | Lost mutation: Your vision is a little blurry.
 98203 | Lair:2   | Lost mutation: Armour fits poorly on your strangely shaped body.
 98746 | D:26     | Received a gift from Nemelex Xobeh
 98798 | D:27     | Entered Level 27 of the Dungeon
 98847 | D:27     | Defeated a vapour
 98925 | D:27     | Received a gift from Nemelex Xobeh
 99290 | D:27     | Reached skill level 20 in Bows
 99355 | D:27     | Received a gift from Nemelex Xobeh
 99430 | D:27     | Got an ancient hand axe
 99595 | D:27     | Received a gift from Nemelex Xobeh
 99654 | D:27     | Reached XP level 22. HP: 194/194 MP: 13/13
 99661 | D:27     | Noticed a golden dragon
 99712 | D:27     | Defeated a golden dragon
 99874 | D:27     | Noticed an iron dragon
 99876 | D:27     | an iron dragon changed into an acid blob
 99877 | D:27     | Noticed a quicksilver dragon
 99877 | D:27     | an acid blob changed into a quicksilver dragon
 99879 | D:27     | Received a gift from Nemelex Xobeh
 99886 | D:27     | a quicksilver dragon changed into an azure jelly
100062 | D:27     | Noticed a bone dragon
100076 | D:27     | Defeated a bone dragon
100414 | D:27     | Received a gift from Nemelex Xobeh
100687 | D:27     | Gained mutation: You are partially covered in large bone plates (AC +2, SH +2).
100997 | D:27     | Received a gift from Nemelex Xobeh
101189 | D:26     | Reached skill level 21 in Bows
101643 | Lair:2   | Identified the cursed hand axe of Calculation {freeze, +Rage MR Dex+4} (You found it on level 27 of the Dungeon)
101658 | Lair:2   | Received a gift from Nemelex Xobeh
101661 | Lair:2   | Upgraded the game from 0.10-a0-2452-gc98e1b4 to 0.10-a0-2454-gb438b77
102184 | Vault:5  | Received a gift from Nemelex Xobeh
102209 | Vault:5  | Noticed a hammer
102313 | Vault:5  | Received a gift from Nemelex Xobeh
102426 | Vault:5  | Found a staircase to the Hall of Blades.
102483 | Vault:5  | Received a gift from Nemelex Xobeh
103015 | Vault:6  | Received a gift from Nemelex Xobeh
103176 | Vault:6  | Reached XP level 23. HP: 188/197 MP: 13/13
103302 | Vault:6  | Received a gift from Nemelex Xobeh
103595 | Vault:6  | Noticed Mara
103606 | Vault:6  | Defeated Mara
103778 | Vault:6  | Received a gift from Nemelex Xobeh
104013 | Vault:7  | Received a gift from Nemelex Xobeh
104127 | Vault:7  | Reached skill level 22 in Bows
104446 | Vault:7  | Received a gift from Nemelex Xobeh
104863 | Vault:7  | Received a gift from Nemelex Xobeh
105062 | Vault:7  | Received a gift from Nemelex Xobeh
105702 | Vault:7  | Received a gift from Nemelex Xobeh
106098 | Vault:8  | Entered Level 8 of the Vaults
106129 | Vault:7  | Received a gift from Nemelex Xobeh
106555 | Vault:7  | Received a gift from Nemelex Xobeh
106568 | Vault:7  | Noticed a glowing short sword
106575 | Vault:7  | Noticed a short sword
106578 | Vault:7  | Defeated a short sword
107216 | Vault:7  | Received a gift from Nemelex Xobeh
107647 | Vault:8  | Noticed a golden dragon
107680 | Vault:7  | Defeated a golden dragon
107908 | Vault:7  | Received a gift from Nemelex Xobeh
107972 | Vault:7  | Noticed a pulsating lump
107972 | Vault:7  | a boulder beetle changed into a pulsating lump
107980 | Vault:7  | Defeated a pulsating lump
108901 | Vault:8  | Reached XP level 24. HP: 136/208 MP: 15/15
109133 | Vault:8  | Noticed a pulsating lump
109133 | Vault:8  | a cyclops changed into a pulsating lump
109134 | Vault:8  | Noticed a deep elf high priest
109135 | Vault:8  | Reached XP level 23. HP: 200/200 MP: 13/13
109195 | Vault:8  | Noticed a shining eye
109195 | Vault:8  | a pulsating lump changed into a shining eye
109197 | Vault:8  | a shining eye changed into a giant orange brain
109207 | Vault:8  | Defeated a deep elf high priest
109209 | Vault:8  | Noticed a golden dragon
109369 | Vault:7  | Defeated a golden dragon
109474 | Vault:8  | Noticed a deep elf sorcerer
109474 | Vault:8  | You are cast into the Abyss!
109474 | Vault:8  | Cast into the Abyss (deep elf sorcerer)
109474 | Abyss    | Entered The Abyss
109600 | Abyss    | Gained mutation: You are dopey (Int -1).
109695 | Abyss    | Noticed an anaconda simulacrum
109705 | Abyss    | Defeated an anaconda simulacrum
109733 | Abyss    | Noticed an unborn deep dwarf
109885 | Abyss    | Noticed a Pit Fiend
109946 | Vault:8  | You pass through the gate.
110842 | Orc:3    | Received a gift from Nemelex Xobeh
110885 | Elf:1    | Entered Level 1 of the Elven Halls
111048 | Elf:1    | Reached XP level 24. HP: 219/222 MP: 15/15
111308 | Elf:1    | Received a gift from Nemelex Xobeh
112226 | Elf:2    | Received a gift from Nemelex Xobeh
112511 | Elf:2    | Found Xeoq's Antique Armour Emporium.
112970 | Elf:3    | Received a gift from Nemelex Xobeh
113161 | Elf:3    | Got a slimy scale mail
113507 | Elf:3    | Received a gift from Nemelex Xobeh
115261 | Elf:3    | Found Irheamec's Distillery.
115281 | Elf:3    | Received a gift from Nemelex Xobeh
115288 | Elf:3    | Bought a potion of invisibility for 71 gold pieces
116977 | Lair:2   | Identified the cursed -1 scale mail of Shielding (You took it off a deep elf soldier on level 3 of the Elven Halls)
117447 | Elf:5    | Entered Level 5 of the Elven Halls
117819 | Elf:5    | Received a gift from Nemelex Xobeh
118184 | Elf:5    | Reached skill level 23 in Bows
118564 | Elf:5    | Noticed a deep elf blademaster
118570 | Elf:5    | Defeated a deep elf blademaster
118599 | Elf:5    | Received a gift from Nemelex Xobeh
118871 | Elf:5    | Noticed a deep elf blademaster
118880 | Elf:5    | Defeated a deep elf blademaster
119078 | Elf:5    | Noticed a deep elf master archer
119083 | Elf:5    | Defeated a deep elf master archer
119085 | Elf:5    | Noticed a deep elf master archer
119089 | Elf:5    | Defeated a deep elf master archer
119303 | Elf:5    | Got a colourful book
119316 | Elf:5    | Got a slimy turquoise ring
119353 | Elf:5    | Received a gift from Nemelex Xobeh
119764 | Elf:1    | Noticed an orc priest
119765 | Elf:1    | Defeated an orc priest
119957 | Elf:5    | Got a brightly glowing lead ring
119959 | Elf:5    | Got a smelly skin
119983 | Elf:5    | Got a slimy bronze ring
119994 | Elf:5    | Got a heavily runed bronze ring
120023 | Elf:5    | Got a sky-blue amulet
120574 | Elf:5    | Got a transparent pewter ring
120578 | Elf:5    | Got a fine ivory ring
120583 | Elf:5    | Got a pair of soft boots
120585 | Elf:5    | Got a pitted bow
120594 | Elf:5    | Got an iridescent hammer
120597 | Elf:5    | Got a warped sling
120871 | Lair:2   | Identified the ring "Mnul" (You found it on level 5 of the Elven Halls)
120872 | Lair:2   | Identified the cursed ring "Lirphuipy" (You found it on level 5 of the Elven Halls)
120872 | Lair:2   | Identified the amulet of the Air (You found it on level 5 of the Elven Halls)
120872 | Lair:2   | Identified the ring "Groav" (You found it on level 5 of the Elven Halls)
120873 | Lair:2   | Identified the ring "Byniut" (You found it on level 5 of the Elven Halls)
120873 | Lair:2   | Identified the ring of Ashruplapt (You found it on level 5 of the Elven Halls)
120873 | Lair:2   | Identified the ring of Jonky (You found it on level 5 of the Elven Halls)
120881 | Lair:2   | Identified the +2 pair of boots of the Assassin (You found it on level 5 of the Elven Halls)
120893 | Lair:2   | Identified the +4 skin of Zhor (You took it off a deep elf death mage on level 5 of the Elven Halls)
120908 | Lair:2   | Identified the bow "Oninon" {speed, rElec rC+} (You found it on level 5 of the Elven Halls)
120916 | Lair:2   | Identified a -1 rod of warding (14/14) (You took it off a deep elf death mage on level 5 of the Elven Halls)
121586 | Vault:8  | Reached skill level 24 in Bows
121588 | Vault:8  | Defeated a deep elf sorcerer
121654 | Vault:8  | Noticed a guardian serpent
121654 | Vault:8  | a guardian serpent changed into a black mamba
121669 | Vault:8  | Reached XP level 25. HP: 231/231 MP: 13/15
121674 | Vault:8  | Received a gift from Nemelex Xobeh
121677 | Vault:8  | Reached XP level 24. HP: 211/223 MP: 11/15
121694 | Vault:8  | Reached XP level 25. HP: 207/231 MP: 12/15
122202 | Vault:8  | Received a gift from Nemelex Xobeh
122313 | Vault:8  | Noticed a pulsating lump
122313 | Vault:8  | a snapping turtle changed into a pulsating lump
122318 | Vault:8  | a pulsating lump changed into a boulder beetle
122341 | Vault:8  | Reached skill level 25 in Bows
122384 | Vault:8  | Got a silver rune of Zot
122439 | Vault:7  | Noticed a golden dragon
122451 | Vault:7  | Defeated a golden dragon
122628 | Vault:8  | You are cast into the Abyss!
122628 | Vault:8  | Cast into the Abyss (a Zot trap)
122712 | Abyss    | Noticed a fire elemental
122721 | Abyss    | Defeated a fire elemental
122879 | Abyss    | Noticed a green draconian annihilator
122951 | Abyss    | Noticed a six-headed hydra simulacrum
122976 | Abyss    | Defeated a six-headed hydra simulacrum
123182 | Vault:8  | You pass through the gate.
123369 | Vault:8  | Noticed an iron dragon
123382 | Vault:8  | Defeated an iron dragon
123432 | Vault:8  | Received a gift from Nemelex Xobeh
123730 | Vault:8  | Noticed a bone dragon
123751 | Vault:8  | Defeated a bone dragon
123864 | Vault:8  | Received a gift from Nemelex Xobeh
124088 | Vault:8  | Received a gift from Nemelex Xobeh
124115 | Vault:8  | Noticed a pulsating lump
124115 | Vault:8  | an eye of devastation changed into a pulsating lump
124120 | Vault:8  | a pulsating lump changed into a cyclops
124126 | Vault:8  | Noticed a guardian serpent
124126 | Vault:8  | a cyclops changed into a guardian serpent
124126 | Vault:8  | Defeated a guardian serpent
124159 | Vault:8  | Received a gift from Nemelex Xobeh
124184 | Vault:8  | Found Agheceow's Book Shoppe.
124439 | Vault:8  | Noticed a golden dragon
124447 | Vault:8  | Defeated a golden dragon
124552 | Vault:8  | Received a gift from Nemelex Xobeh
124562 | Vault:8  | Noticed a deep elf high priest
124574 | Vault:8  | Defeated a deep elf high priest
124624 | Vault:8  | Noticed a guardian serpent
124624 | Vault:8  | a moth of wrath changed into a guardian serpent
124625 | Vault:8  | a guardian serpent changed into a spriggan
124770 | Vault:8  | Upgraded the game from 0.10-a0-2454-gb438b77 to 0.10-a0-2485-ga1df136
125400 | Snake:5  | Entered Level 5 of the Snake Pit
125454 | Snake:5  | Received a gift from Nemelex Xobeh
125641 | Snake:5  | Reached skill level 1 in Stealth
126465 | Snake:5  | Received a gift from Nemelex Xobeh
126612 | Snake:5  | Reached skill level 5 in Stealth
126781 | Snake:5  | Received a gift from Nemelex Xobeh
126884 | Snake:5  | Reached XP level 26. HP: 195/240 MP: 15/15
127396 | Snake:5  | Received a gift from Nemelex Xobeh
127490 | Snake:5  | Got a serpentine rune of Zot
127714 | Snake:5  | Received a gift from Nemelex Xobeh
127933 | Lair:2   | SH=2?
128038 | Shoals:1 | Entered Level 1 of the Shoals
128043 | Shoals:1 | Found Iveapaent's Magical Wand Boutique.
128170 | Shoals:1 | Reached skill level 5 in Stabbing
128632 | Shoals:2 | Received a gift from Nemelex Xobeh
129045 | Shoals:2 | Found Jumal's Food Emporium.
129070 | Shoals:2 | Found Caec's Armour Boutique.
129641 | Shoals:3 | Received a gift from Nemelex Xobeh
130089 | Shoals:4 | Found Briulou's Jewellery Shoppe.
130517 | Shoals:5 | Entered Level 5 of the Shoals
130524 | Shoals:5 | Received a gift from Nemelex Xobeh
130529 | Shoals:5 | Noticed Ilsuiw
130579 | Shoals:5 | Defeated Ilsuiw
130766 | Shoals:5 | Received a gift from Nemelex Xobeh
130841 | Shoals:5 | Got a barnacled rune of Zot
131125 | Shoals:5 | Received a gift from Nemelex Xobeh
131307 | Shoals:5 | Found Olistura's Antique Armour Boutique.
131340 | Shoals:5 | Bought a jewelled bronze crown for 187 gold pieces
131340 | Shoals:5 | Bought a shimmering swamp dragon armour for 1750 gold pieces
131340 | Shoals:5 | Bought a warped scale mail for 332 gold pieces
131349 | Shoals:5 | Identified the +3 crown of Dyrovepreva (You bought it in a shop on level 5 of the Shoals)
131361 | Shoals:5 | Identified the cursed -1 swamp dragon armour of the Clouds (You bought it in a shop on level 5 of the Shoals)
131362 | Shoals:5 | Identified the cursed -4 scale mail of Geumuthru (You bought it in a shop on level 5 of the Shoals)
132186 | Crypt:1  | Entered Level 1 of the Crypt
132485 | Crypt:1  | Received a gift from Nemelex Xobeh
132518 | Crypt:1  | Reached XP level 27. HP: 181/248 MP: 16/16
132523 | Crypt:1  | Lost mutation: You are dopey (Int -1).
132523 | Crypt:1  | Gained mutation: You are somewhat resistant to further mutation.
133799 | Crypt:2  | Found a staircase to the Tomb.
134136 | Crypt:3  | Received a gift from Nemelex Xobeh
134935 | Crypt:3  | Received a gift from Nemelex Xobeh
135019 | Crypt:3  | Received a gift from Nemelex Xobeh
135834 | Crypt:5  | Entered Level 5 of the Crypt
136509 | Crypt:5  | Received a gift from Nemelex Xobeh
136871 | Crypt:5  | Got a crystal glaive
137275 | Crypt:5  | Received a gift from Nemelex Xobeh
137277 | Crypt:5  | Identified the +4,+3 glaive of Jeinacs (You found it on level 5 of the Crypt)
137649 | Crypt:5  | Found an ancient bone altar of Kikubaaqudgha.
137655 | Crypt:5  | Noticed an ancient lich
137666 | Crypt:5  | Noticed a lich
137686 | Crypt:5  | Defeated an ancient lich
137686 | Crypt:5  | Reached skill level 26 in Bows
137718 | Crypt:5  | Received a gift from Nemelex Xobeh
137825 | Crypt:5  | Defeated a lich
138112 | Crypt:5  | Noticed an ancient lich
138122 | Crypt:5  | Defeated an ancient lich
138205 | Crypt:5  | Received a gift from Nemelex Xobeh
138690 | Crypt:5  | Got an ancient sabre
138691 | Crypt:5  | Identified the cursed +0,-1 sabre "Noteots" (You found it on level 5 of the Crypt)
138814 | Crypt:5  | Received a gift from Nemelex Xobeh
141479 | Orc:3    | Bought a scroll of enchant weapon I for 88 gold pieces
141479 | Orc:3    | Bought a scroll of enchant weapon II for 88 gold pieces
141490 | Orc:3    | Bought a scroll of enchant weapon III for 220 gold pieces
141490 | Orc:3    | Bought a scroll of enchant weapon III for 220 gold pieces
141542 | Orc:3    | Bought 3 scrolls of enchant weapon I for 231 gold pieces
141888 | D:19     | Bought a scroll of enchant weapon II for 99 gold pieces
141985 | D:16     | Bought a scroll of enchant weapon II for 66 gold pieces
143067 | D:11     | Noticed a frost giant
143078 | D:11     | Defeated a frost giant
143269 | D:11     | Noticed an ice dragon
143278 | D:11     | Defeated an ice dragon
143301 | D:11     | Received a gift from Nemelex Xobeh 143347
                  | bailey
                  | Entered the bailey 143367
                  | bailey
                  | Noticed ChickenMan's ghost (experienced MiBe) 143376
                  | bailey
                  | Defeated ChickenMan's ghost 143501
                  | bailey
                  | Found a bloodstained altar of Trog.
144191 | D:14     | Got a slimy demon blade
144205 | D:14     | Received a gift from Nemelex Xobeh
144561 | D:27     | Reached skill level 27 in Bows
144682 | D:27     | Identified the +3,+0 demon blade of Feos (You took it off an iron imp on level 14 of the Dungeon)
144689 | Zot:1    | Entered Level 1 of the Realm of Zot
144806 | D:27     | Received a gift from Nemelex Xobeh
147576 | Zot:5    | Entered Level 5 of the Realm of Zot
147916 | Zot:5    | Noticed an ancient lich
147930 | Zot:5    | Paralysed by an ancient lich for 3 turns
148026 | Zot:5    | Defeated an ancient lich
148063 | Zot:5    | Noticed an ancient lich
148082 | Zot:5    | Noticed an orb of fire
148102 | Zot:5    | Defeated an ancient lich
148197 | Zot:5    | Gained mutation: Your magical capacity is low (-10% MP).
148202 | Zot:5    | Defeated an orb of fire
148364 | Zot:5    | Noticed an orb of fire
148378 | Zot:5    | Defeated an orb of fire
148904 | Zot:5    | Got the Orb of Zot
148938 | Zot:5    | Noticed Kagaffee the pandemonium lord
149049 | Zot:2    | Noticed Tezov the pandemonium lord
149122 | D:27     | Noticed Bedod the pandemonium lord
149714 | D:1      | Noticed a quasit
149716 | D:1      | Defeated a quasit
149734 | D:1      | Noticed Stryrgh the pandemonium lord
149734 | D:1      | Noticed a lich
149843 | D:1      | Noticed Gouzxuk the pandemonium lord
149885 | D:$      | Escaped with the Orb!
